 Dungeon Crawl Stone Soup version 0.23-a0-490-ge7ea69a (webtiles) character file.

689 zishaf the Stinger (level 7, -7/41 HPs)
             Began as an Octopode Venom Mage on Dec 3, 2018.
             Was an Initiate of Vehumet.
             Shot with an arrow by a centaur (17 damage)
             ... on level 5 of the Dungeon.
             The game lasted 00:12:41 (4500 turns).

zishaf the Stinger (Octopode Venom Mage)            Turns: 4500, Time: 00:12:42

Health: -7/41      AC:  2    Str:  8    XL:     7   Next: 63%
Magic:  7/11       EV: 14    Int: 19    God:    Vehumet [......]
Gold:   41         SH:  0    Dex: 12    Spells: 2/12 levels left

rFire    . . .     SeeInvis .   e - +0 dagger
rCold    . . .     Gourm    .   (no shield)
rNeg     . . .     Faith    .   (helmet restricted)
rPois    .         Spirit   .   (no amulet)
rElec    .         Reflect  .   h - ring of resist corrosion
rCorr    +         Harm     .   q - +1 ring of protection
MR       .....                  (no ring)
Stlth    +++.......             (no ring)
HPRegen  0.13/turn              (no ring)
MPRegen  0.12/turn              (no ring)
                                (no ring)
                                (no ring)

@: no status effects
A: almost no armour, stealthy swim, amphibious, 8 rings, constrict 8, camouflage
1, gelatinous body 1
a: Renounce Religion


You were on level 5 of the Dungeon.
You worshipped Vehumet.
Vehumet was noncommittal.
You were not hungry.

You visited 2 branches of the dungeon, and saw 6 of its levels.

You collected 225 gold pieces.
You spent 184 gold pieces at shops.

Inventory:

Hand Weapons
 e - a +0 dagger (weapon)
 g - a +1 war axe of electrocution
 p - a +0 flail of holy wrath
Armour
 s - a +0 buckler
Jewellery
 h - a ring of resist corrosion (left tentacle)
 l - an uncursed amulet of faith
 q - a +1 ring of protection (right tentacle)
Wands
 i - a wand of iceblast (4)
Scrolls
 c - 2 scrolls of remove curse
 d - a scroll of amnesia
 f - a scroll of identify
 j - a scroll of enchant armour
 m - 2 scrolls of teleportation
Potions
 a - 3 potions of heal wounds
 k - 2 potions of mutation {unknown}
 n - a potion of ambrosia {unknown}
 r - a potion of berserk rage {unknown}
 t - a potion of curing
Comestibles
 b - 10 rations
 o - a chunk of flesh


   Skills:
 + Level 3.7 Dodging
 - Level 4.0 Stealth
 - Level 3.0 Spellcasting
 - Level 4.0 Conjurations
 * Level 1.5 Hexes
 + Level 1.6 Necromancy
 - Level 6.0 Poison Magic
 + Level 1.7 Evocations


You had 2 spell levels left.
You knew the following spells:

 Your Spells              Type           Power        Failure   Level  Hunger
a - Sting                 Conj/Pois      ###.         1%          1    None
b - Poisonous Vapours     Pois/Air       ##....       7%          2    ##.....
c - Mephitic Cloud        Conj/Pois/Air  ###.....     12%         3    ###....
d - Animate Skeleton      Necr           N/A          8%          1    None
e - Confuse               Hex            #.......     24%         3    ###....

Your spell library contained the following spells:

 Spells                   Type           Power        Failure   Level  Hunger
 Confusing Touch          Hex            #.....       9%          1    None
 Apportation              Tloc           #.....       16%         1    None
 Summon Small Mammal      Summ           #...         16%         1    None
 Olgreb's Toxic Radiance  Pois           ####....     13%         4    ####...
 Gell's Gravitas          Tloc           #.........   41%         3    ###....
 Venom Bolt               Conj/Pois      ###.......   47%         5    ######.
 Petrify                  Tmut/Erth      #.......     83%         4    ####...
 Metabolic Englaciation   Hex/Ice        #.........   97%         5    ######.
 Yara's Violent Unravell  Hex/Tmut       #.........   97%         5    ######.


Dungeon Overview and Level Annotations

Branches:
Dungeon (5/15)             Temple (1/1) D:4

Altars:
Ashenzari
Cheibriados
Dithmenos
Elyvilon
Fedhas
Gozag
Hepliaklqana
Kikubaaqudgha
Makhleb
Nemelex Xobeh
Okawaru
Qazlal
Ru
Sif Muna
Trog
Uskayaw
Vehumet
Wu Jian
Yredelemnul
Zin
The Shining One

Shops:
D:4 !*}


Innate Abilities, Weirdness & Mutations

You cannot wear most types of armour.
You are very stealthy in the water. (Stealth+)
You are amphibious.
You can wear up to eight rings at the same time.
You can use your tentacles to constrict eight enemies at once.
Your skin changes colour to match your surroundings (Stealth+).
Your rubbery body absorbs attacks. (AC +1, EV +1)


Message History

Casting: Poisonous Vapours (safe; 7% risk of failure)
Confirm with . or Enter, or press ? or * to list all spells.
Aiming: Poisonous Vapours (safe; 7% risk of failure)
Press: ? - help, Dir - move target cursor, f - centaur
Aim: a centaur, wielding a +0 shortbow Poisonous vapours surround the centaur!
The centaur is engulfed in poison gas.
The centaur is poisoned.
The centaur shoots an arrow.
The arrow hits you!
The centaur shoots an arrow.
The arrow misses you.
The centaur shoots an arrow.
The arrow barely misses you.
You see here an arrow.
Casting: Poisonous Vapours (safe; 7% risk of failure)
Confirm with . or Enter, or press ? or * to list all spells.
Aiming: Poisonous Vapours (safe; 7% risk of failure)
Press: ? - help, Dir - move target cursor, f/p - centaur
Aim: a centaur, wielding a +0 shortbow (lightly wounded, poisoned) Poisonous vapours surround the centaur!
The centaur is engulfed in poison gas.
The centaur looks even sicker.
The centaur shoots an arrow.
The arrow hits you!
* * * LOW HITPOINT WARNING * * *
The centaur looks even sicker.
The centaur shoots an arrow.
The arrow hits you!
You die...

### ..# ###.# ..#c#
#.#.# #.#.#
###############.#(# #.#
................#.#....#
###############<@......#
###.#.##.# #(....
#.#.... #.#.#### ### #


You could see a centaur.

Vanquished Creatures
  An ogre (D:5)
  A centaur (D:5)
  3 scorpions (D:4)
  2 orc priests (D:4)
  5 orc wizards
  Jessica (D:3)
  A worker ant (D:4)
  5 adders
  A shadow imp (D:5)
  2 worms
  2 dart slugs
  20 orcs
  3 ball pythons
  8 bats
  6 giant cockroaches
  6 goblins
  3 hobgoblins
  3 jackals (D:3)
  8 frilled lizards
  4 kobolds
  4 rats
89 creatures vanquished.

Notes
Turn   | Place    | Note
-------+----------+-------------------------------------------
     0 | D:1      | zishaf the Octopode Venom Mage began the quest for the Orb.
     0 | D:1      | Reached XP level 1. HP: 11/11 MP: 3/3
   317 | D:1      | Reached XP level 2. HP: 17/17 MP: 5/5
   332 | D:1      | Learned a level 2 spell: Poisonous Vapours
   608 | D:1      | Reached skill level 4 in Poison Magic
   760 | D:2      | Reached XP level 3. HP: 21/21 MP: 0/6
   769 | D:2      | Learned a level 3 spell: Mephitic Cloud
  1351 | D:3      | Reached XP level 4. HP: 27/27 MP: 4/7
  1615 | D:3      | Reached XP level 5. HP: 31/31 MP: 3/9
  1729 | D:3      | Found a stormy altar of Qazlal.
  2430 | D:3      | Noticed Jessica
  2434 | D:3      | Killed Jessica
  2721 | D:4      | Reached skill level 5 in Poison Magic
  2721 | D:4      | Reached XP level 6. HP: 24/36 MP: 10/10
  3046 | D:4      | Found Biabo's General Store.
  3053 | D:4      | Bought a wand of iceblast (4) for 96 gold pieces
  3055 | D:4      | Learned a level 1 spell: Animate Skeleton
  3233 | D:4      | Found a staircase to the Ecumenical Temple.
  3260 | Temple   | Entered the Ecumenical Temple
  3382 | Temple   | Became a worshipper of Vehumet
  3458 | D:4      | Reached XP level 7. HP: 41/41 MP: 6/11
  3535 | D:4      | Reached skill level 1 in Necromancy
  3535 | D:4      | Reached skill level 1 in Evocations
  3617 | D:4      | Found Wiasos's Distillery.
  3625 | D:4      | Bought a potion of heal wounds for 55 gold pieces
  3625 | D:4      | Bought a potion of curing for 33 gold pieces
  3792 | D:4      | Learned a level 3 spell: Confuse
  3806 | D:4      | Found Gail's Gadget Shop.
  3884 | D:5      | Entered Level 5 of the Dungeon
  3916 | D:5      | Reached skill level 6 in Poison Magic
  4022 | D:5      | Reached skill level 1 in Hexes
  4500 | D:5      | Shot with an arrow by a centaur

Vault maps used:
D:1:      lemuel_arrival_funnel
D:2:      first_ration
D:3:      kb_forest_paths, nicolae_qazlal_general_emergency, uniq_jessica
D:4:      minmay_temple_entry_trees, serial_shops, shop,
          nicolae_shop_behind_doors, shop_statue
D:5:      doesnt_xom_only_xom, minmay_door_square, kennysheep_windowed_goal
Temple:   nicolae_temple_the_god_donut

Skill      XL: |  1  2  3  4  5  6  7 |
---------------+----------------------+-----
Stealth        | 3 4 |  4.0
Poison Magic   | 4 5 6 |  6.0
Conjurations   | 2 3 4 |  4.0
Spellcasting   | 3 |  3.0
Dodging        | 3 |  3.7
Necromancy     | 1 |  1.6
Evocations     | 1 |  1.7
Hexes          | 1 |  1.5

Action                   |  1- 3 |  4- 6 |  7- 9 || total
-------------------------+-------+-------+-------++-------
Melee: Dagger            |    42 |    22 |     7 ||    71
       Constrict         |    12 |    20 |     2 ||    34
       Tentacles         |     9 |     9 |     2 ||    20
       Unarmed           |     1 |       |       ||     1
       Flail             |       |    51 |       ||    51
 Cast: Sting             |     6 |     4 |     1 ||    11
       Poisonous Vapours |    13 |    24 |    13 ||    50
       Mephitic Cloud    |       |     3 |       ||     3
  Use: Scroll            |       |     7 |       ||     7
       Potion            |       |     1 |       ||     1
 Stab: Sleeping          |     8 |     9 |     3 ||    20
  Eat: Chunk             |     2 |     8 |     4 ||    14
Armor: Skin              |     7 |    14 |       ||    21
Dodge: Dodged            |    29 |    42 |     7 ||    78

Table legend:
 A = Non-vault XP
 B = Vault XP
 C = Vault XP percentage of total XP
 D = Non-vault monster count
 E = Vault monster count
 F = Vault count percentage of total count
                 A         B        C        D         E       F
            +---------+---------+-------+---------+---------+-------
      Total |     929 |      56 |   5.7 |      82 |       7 |   7.9
            +---------+---------+-------+---------+---------+-------
        D:1 |      32 |       0 |   0.0 |      19 |       0 |   0.0
        D:2 |      39 |       0 |   0.0 |       9 |       0 |   0.0
        D:3 |     154 |      56 |  26.7 |      28 |       7 |  20.0
        D:4 |     454 |       0 |   0.0 |      21 |       0 |   0.0
        D:5 |     250 |       0 |   0.0 |       5 |       0 |   0.0
            +---------+---------+-------+---------+---------+-------
